 Dungeon Crawl Stone Soup version 0.22-a0-149-g870e420 (webtiles) character file.

116 Amnesiac the Digger (level 4, -2/30 HPs)
             Began as a Mummy Earth Elementalist on Feb 7, 2018.
             Slain by an iguana (10 damage)
             ... on level 4 of the Dungeon.
             The game lasted 00:03:01 (3161 turns).

Amnesiac the Digger (Mummy Earth Elementalist)      Turns: 3161, Time: 00:03:01

Health: -2/30      AC:  2    Str: 14    XL:     4   Next: 69%
Magic:  0/10       EV: 12    Int: 15    God:
Gold:   191        SH:  0    Dex: 12    Spells: 4/11 levels left

rFire    x . .     SeeInvis .   a - +0 mace
rCold    + . .     Gourm    .   (no shield)
rNeg     + + +     Faith    .   c - +0 robe
rPois    ∞         Spirit   .   (no helmet)
rElec    .         Reflect  .   (no cloak)
rCorr    .         Harm     .   (no gloves)
MR       .....                  (no boots)
Stlth    ++........             (no amulet)
HPRegen  0.10/turn              f - +3 ring of strength
MPRegen  0.12/turn              (no ring)

@: no status effects
A: no food or potions, fire vulnerability, cold resistance 1, negative energy
resistance 3, torment resistance, unbreathing
a: no special abilities


You were on level 4 of the Dungeon.
You were not hungry.

You visited 1 branch of the dungeon, and saw 4 of its levels.

You collected 191 gold pieces.

Inventory:

Hand Weapons
 a - a +0 mace (weapon)
 b - a +0 blowgun
Missiles
 i - 34 poisoned needles
 n - 164 stones (quivered)
Armour
 c - a +0 robe (worn)
Jewellery
 f - a +3 ring of strength (left hand)
Scrolls
 e - a scroll of remove curse {!r, unknown}
 g - 3 scrolls of identify {!r, unknown}
 h - 2 scrolls of teleportation {!r, unknown}
 j - a scroll of noise {!r, unknown}
 k - a scroll of magic mapping {!r, unknown}
 l - 2 scrolls of fog {!r, unknown}
 m - a scroll of immolation {!r, unknown}
Books
 d - a book of Geomancy

   Spells                             Type                      Level
   a - Sandblast                      Earth                        1
   b - Passwall                       Transmutation/Earth          2
   c - Stone Arrow                    Conjuration/Earth            3
   d - Petrify                        Transmutation/Earth          4
   e - Lee's Rapid Deconstruction     Earth                        5


   Skills:
 - Level 1.5 Dodging
 - Level 1.5 Stealth
 + Level 4.0 Spellcasting
 - Level 0.7 Transmutations
 * Level 4.0 Earth Magic


You had 4 spell levels left.
You knew the following spells:

 Your Spells              Type           Power        Failure   Level  Hunger
a - Sandblast             Erth           ###...       3%          1    N/A
b - Passwall              Tmut/Erth      ##........   11%         2    N/A
e - Petrify               Tmut/Erth      ##......     56%         4    N/A

Dungeon Overview and Level Annotations

Branches:
Dungeon (4/15)
 Temple: D:4-7

Altars:

Shops:
D:4 }%

Annotations:
D:4 anet's ghost, novice MfMo


Innate Abilities, Weirdness & Mutations

You do not eat or drink.
Your flesh is vulnerable to fire.
You are immune to poison.
Your flesh is cold resistant. (rC+)
You are immune to negative energy. (rN+++)
You are immune to unholy pain and torment.
You can survive without breathing.


Message History

Confirm with . or Enter, or press ? or * to list all spells.
Aiming: Sandblast (safe; 3% risk of failure)
Press: ? - help, Shift-Dir - straight line, f - iguana
Aim: an iguana The blast of sand hits the iguana.
n - 170 stones The iguana barely misses you.
Casting: Sandblast (safe; 3% risk of failure)
Confirm with . or Enter, or press ? or * to list all spells.
Aiming: Sandblast (safe; 3% risk of failure)
Press: ? - help, Shift-Dir - straight line, f/p - iguana
Aim: an iguana The blast of sand hits the iguana.
The iguana is lightly wounded.
n - 169 stones The iguana bites you!
Casting: Sandblast (safe; 3% risk of failure)
Confirm with . or Enter, or press ? or * to list all spells.
Aiming: Sandblast (safe; 3% risk of failure)
Press: ? - help, Shift-Dir - straight line, f/p - iguana
Aim: an iguana (lightly wounded)
The blast of sand hits the iguana.
The iguana is moderately wounded.
n - 168 stones The iguana misses you.
Casting: Sandblast (safe; 3% risk of failure)
Confirm with . or Enter, or press ? or * to list all spells.
Aiming: Sandblast (safe; 3% risk of failure)
Press: ? - help, Shift-Dir - straight line, f/p - iguana
Aim: an iguana (moderately wounded)
The blast of sand hits the iguana.
The iguana is severely wounded.
n - 167 stones The iguana bites you!
* * * LOW HITPOINT WARNING * * *
Casting: Sandblast (safe; 3% risk of failure)
Confirm with . or Enter, or press ? or * to list all spells.
Aiming: Sandblast (safe; 3% risk of failure)
Press: ? - help, Shift-Dir - straight line, f/p - iguana
Aim: an iguana (severely wounded)
The blast of sand hits the iguana.
The iguana is severely wounded.
n - 166 stones The iguana closely misses you.
Unknown command.
Casting: Sandblast (safe; 3% risk of failure)
Confirm with . or Enter, or press ? or * to list all spells.
Aiming: Sandblast (safe; 3% risk of failure)
Press: ? - help, Shift-Dir - straight line, f/p - iguana
Aim: an iguana (severely wounded)
The blast of sand hits the iguana.
The iguana is severely wounded.
n - 165 stones The iguana bites you but does no damage.
Unknown command.
Casting: Sandblast (safe; 3% risk of failure)
Confirm with . or Enter, or press ? or * to list all spells.
Aiming: Sandblast (safe; 3% risk of failure)
Press: ? - help, Shift-Dir - straight line, f/p - iguana
Aim: an iguana (severely wounded)
The blast of sand misses the iguana.
n - 164 stones The iguana bites you!
You die...

##.# #.## ##.#
#.## #..#
##.## #..##
#...## ##.@.##
#..l.##
##....##
#.....#
#.....#
##......l....
#.#....[.....
...##.........
#..#
#$........


You could see an iguana.

Vanquished Creatures
  4 adders
  2 worms
  3 dart slugs (D:1)
  A leopard gecko (D:2)
  2 orcs
  2 ball pythons
  8 bats
  4 giant cockroaches
  4 goblins
  7 hobgoblins
  5 jackals
  6 kobolds
  A quokka (D:2)
  A frilled lizard (D:4)
  A leopard gecko skeleton (D:4)
  14 rats
65 creatures vanquished.

Notes
Turn   | Place    | Note
-------+----------+-------------------------------------------
     0 | D:1      | Amnesiac the Mummy Earth Elementalist began the quest for the Orb.
     0 | D:1      | Reached XP level 1. HP: 13/13 MP: 4/4
   277 | D:1      | Reached XP level 2. HP: 16/19 MP: 5/5
   299 | D:1      | Learned a level 2 spell: Passwall
   970 | D:1      | Reached XP level 3. HP: 22/24 MP: 7/7
  1977 | D:3      | Reached XP level 4. HP: 30/30 MP: 9/9
  1983 | D:3      | Learned a level 4 spell: Petrify
  2989 | D:4      | Noticed anet's ghost (novice MfMo)
  2991 | D:4      | Found Cial's Food Shoppe.
  3112 | D:4      | Found Erehim's Gadget Boutique.
  3161 | D:4      | Slain by an iguana

Vault maps used:
D:1:      lemuel_arrival_room
D:2:      first_ration, minmay_domino_2
D:4:      nicolae_ru_great_annihilating_truth, serial_shops, nicolae_shop_stone,
          nicolae_shop_trees, kennysheep_mini, shop_statue,
          nrook_mini_backslash, uniq_robin, uniq_eustachio, uniq_sigmund,
          uniq_blork_the_orc

Skill      XL: |  1  2  3  4 |
---------------+-------------+-----
Spellcasting   | 3 4 |  4.0
Earth Magic    | 3 4 |  4.0
Dodging        | |  1.5
Stealth        | |  1.5
Transmutations | |  0.7

Action                   |  1- 3 |  4- 6 || total
-------------------------+-------+-------++-------
Melee: Mace              |   134 |    53 ||   187
 Cast: Sandblast         |    19 |    21 ||    40
 Stab: Sleeping          |     5 |     4 ||     9
Armor: Robe              |    22 |    17 ||    39
Dodge: Dodged            |   145 |    49 ||   194

Table legend:
 A = Spawn XP
 B = Non-spawn XP
 C = Spawn XP percentage of total XP
 D = Spawn monster count
 E = Non-spawn monster count
 F = Spawn count percentage of total count
 G = Total turns spent on level
                    A         B        C        D         E        F      G
               +---------+---------+-------+---------+---------+-------+---------
         Total |       0 |     166 |   0.0 |       0 |      65 |   0.0 |  3161
               +---------+---------+-------+---------+---------+-------+---------
           D:1 |       0 |      49 |   0.0 |       0 |      28 |   0.0 |  1163
           D:2 |       0 |      43 |   0.0 |       0 |      16 |   0.0 |   657
           D:3 |       0 |      55 |   0.0 |       0 |      17 |   0.0 |  1275
           D:4 |       0 |      19 |   0.0 |       0 |       4 |   0.0 |    66
               +---------+---------+-------+---------+---------+-------+---------
